 Dungeon Crawl Stone Soup version 0.19.1-1-g22dce08 (webtiles) character file.

91 kSp the Poker (level 4, -4/34 HPs)
             Began as a Demonspawn Gladiator on Jan 13, 2017.
             Slain by a hornet (5 damage)
             ... on level 3 of the Dungeon.
             The game lasted 00:17:45 (2302 turns).

kSp the Poker (Demonspawn Gladiator)                Turns: 2302, Time: 00:17:45

Health: -4/34      AC:  9    Str: 16    XL:     4   Next: 34%
Magic:  4/4        EV: 12    Int:  9    God:
Gold:   87         SH:  0    Dex: 14    Spells: 0 memorised, 3 levels left

rFire  . . .     SeeInvis .     g - +2 spear (pain)
rCold  + . .     Gourm    .     l - +3 ring mail
rNeg   . . .     Faith    .     (no shield)
rPois  .         Spirit   .     c - +0 helmet
rElec  .         Reflect  .     (no cloak)
rCorr  .         Harm     .     (no gloves)
MR     .....                    (no boots)
Stlth  +.........               (no amulet)
                                i - ring of ice
                                h - ring of protection from fire

@: slowed, very slow
A: blurry vision 1, powered by death 1
a: no special abilities


You were on level 3 of the Dungeon.
You were not hungry.

You visited 1 branch of the dungeon, and saw 3 of its levels.

You collected 87 gold pieces.

Inventory:

Hand Weapons
 a - a +0 trident
 f - a +0 hunting sling of flaming
 g - a +2 spear of pain (weapon)
 p - a +0 dagger
 s - a +0 short sword
Missiles
 d - 3 throwing nets (quivered)
 o - 65 arrows
 t - 32 stones
Armour
 b - a +0 leather armour
 c - a +0 helmet (worn)
 e - a +0 scale mail
 l - a +3 ring mail (worn)
 n - a +0 ring mail
 q - a +0 robe
Jewellery
 h - a ring of protection from fire (left hand)
 i - a ring of ice (right hand)
Scrolls
 k - a scroll of recharging
 m - a scroll of fear {unknown}
 u - a scroll of random uselessness {unknown}
 x - a scroll of identify {unknown}
Comestibles
 v - a bread ration
 w - a royal jelly


   Skills:
 + Level 2.3 Fighting
 + Level 3.4 Polearms
 + Level 1.9 Throwing
 + Level 1.6 Armour
 + Level 3.3 Dodging


You had 3 spell levels left.
You didn't know any spells.

Dungeon Overview and Level Annotations

Branches:
Dungeon (3/15)

Altars:
Kikubaaqudgha


Innate Abilities, Weirdness & Mutations

You regenerate a little health from kills.
Scrolls take you a little longer to read.


Message History

The kobold is severely wounded.
The hornet stings you!
* * * LOW HITPOINT WARNING * * *
You feel as though you will be slow longer.
The kobold misses you.
The giant cockroach bites you but does no damage.
The hornet completely misses you. The kobold hits you.
* * * LOW HITPOINT WARNING * * *
It was a potion of cure mutation.
It has a very clean taste.
The hornet stings you.
* * * LOW HITPOINT WARNING * * *
You feel as though you will be slow longer.
The giant cockroach closely misses you.
The hornet stings you but does no damage.
The giant cockroach closely misses you. The kobold hits you.
* * * LOW HITPOINT WARNING * * *
It was a potion of mutation.
You feel extremely strange.
Your vision blurs.
Fur sprouts all over your body.
You shed all your fur.
The hornet stings you.
You die...

.
....
.....
#....
#.#..
#.#?#
#..g#
#.yK#
#.@#
##s#
#<#
#(#
#(#
#.#
...
##.##
#.#


You could see a hornet, a giant cockroach, a goblin and a kobold.

Vanquished Creatures
  5 adders (D:2)
  2 worms (D:2)
  5 bats
  2 giant cockroaches (D:2)
  6 hobgoblins
  7 kobolds
  4 frilled lizards
  6 goblins
  10 rats
47 creatures vanquished.

Vanquished Creatures (others)
  A human (D:2)
1 creature vanquished.

Grand Total: 48 creatures vanquished

Notes
Turn   | Place    | Note
-------+----------+-------------------------------------------
     0 | D:1      | kSp the Demonspawn Gladiator began the quest for the Orb.
     0 | D:1      | Reached XP level 1. HP: 16/16 MP: 1/1
   429 | D:1      | Gained mutation: You regenerate a little health from kills. [demonic ancestry]
   429 | D:1      | Reached XP level 2. HP: 21/22 MP: 2/2
   924 | D:2      | Found an ancient bone altar of Kikubaaqudgha.
   925 | D:2      | Noticed a human
   928 | D:2      | Killed a human
  1054 | D:2      | Reached skill level 1 in Armour
  1054 | D:2      | Reached XP level 3. HP: 26/27 MP: 3/3
  1769 | D:2      | Reached XP level 4. HP: 30/33 MP: 4/4
  2291 | D:3      | Noticed a hornet
  2301 | D:3      | HP: 1/34 [kobold (1)]
  2302 | D:3      | Gained mutation: Scrolls take you a little longer to read. [potion of mutation]
  2302 | D:3      | Gained mutation: You are covered in fur. (AC +1) [potion of mutation]
  2302 | D:3      | Lost mutation: You are covered in fur. (AC +1) [potion of mutation]
  2302 | D:3      | Slain by a hornet

Skill      XL: |  1  2 |
---------------+-------+-----
Dodging        | 3 |  3.3
Polearms       | 3 |  3.4
Armour         | 1 |  1.6
Fighting       | |  2.3
Throwing       | |  1.9

Action                   |  1- 3 |  4- 6 || total
-------------------------+-------+-------++-------
Melee: Trident           |    13 |       ||    13
       Spear             |   137 |    24 ||   161
  Use: Potion            |     1 |     3 ||     4
       Scroll            |     3 |       ||     3
  Eat: Bread ration      |     1 |       ||     1
       Beef jerky        |     1 |       ||     1
Armor: Scale mail        |    29 |       ||    29
       Leather armour    |     3 |       ||     3
       Ring mail         |    47 |    16 ||    63
Dodge: Dodged            |    90 |    30 ||   120
